 Dungeon Crawl Stone Soup version bcrawl-1.12.2 (webtiles) character file.

Game seed: 13820353190206729282

96 Morbidden the Ducker (level 4, -4/37 HPs)
             Began as a Minotaur Archaeologist on July 18, 2019.
             Killed by divine providence
             ... invoked by an orc priest
              (9 damage)
             ... on level 3 of the Dungeon.
             The game lasted 00:03:21 (1540 turns).

Morbidden the Ducker (Minotaur Archaeologist)       Turns: 1540, Time: 00:03:22

Health: -4/37      AC: 11    Str: 16    XL:     4   Next: 41%
Magic:  3/3        EV:  8    Int: 11    God:
Gold:   125        SH:  0    Dex:  9    Spells: 3/3 levels left

rFire    . . .     SeeInvis .   j - -1 dagger (curse)
rCold    . . .     Gourm    .   (no shield)
rNeg     . . .     Faith    .   t - +0 chain mail
rPois    .         Spirit   .   c - +1 hat
rElec    .         Reflect  .   (no cloak)
rCorr    .         Harm     .   (no gloves)
MR       .....                  d - +1 pair of boots
Stlth    ..........             a - amulet of rage
HPRegen  0.12/turn              l - ring of wizardry
MPRegen  0.08/turn              (no ring)

@: studying Short Blades
A: retaliatory headbutt, horns 2
a: Evoke Berserk Rage


You were on level 3 of the Dungeon.
You were not hungry.

You visited 1 branch of the dungeon, and saw 3 of its levels.

You collected 125 gold pieces.

Inventory:

Hand Weapons
 h - a +2 falchion of electrocution
 i - a +0 dagger
 j - a cursed -1 dagger (weapon)
 r - a cursed -1 dagger
Armour
 c - a +1 hat (worn)
 d - a +1 pair of boots (worn)
 t - a +0 chain mail (worn)
Jewellery
 a - an amulet of rage (around neck)
 l - a ring of wizardry (left hand)
Wands
 o - a wand of random effects (9)
Scrolls
 k - a scroll of enchant armour {unknown}
 n - a scroll of enchant weapon {unknown}
 p - a scroll of amnesia {unknown}
 q - a scroll of teleportation
Potions
 b - a potion of invisibility {unknown}
 m - 2 potions of ambrosia {unknown}
 s - 2 potions of curing {unknown}
Books
 e - a manual of Short Blades
Miscellaneous
 f - an ancient crate
Comestibles
 g - 5 rations {!d}


   Skills:
 * Level 2.7 Fighting
 * Level 2.7 Short Blades
   Level 1.5 Maces & Flails
 + Level 4.4 Dodging
 - Level 3.0 Stealth


You had 3 spell levels left.
You didn't know any spells.
Your spell library was empty.

Dungeon Overview and Level Annotations

Branches:
Dungeon (3/12)

Altars:
Fedhas
Hepliaklqana
Trog


Innate Abilities, Weirdness & Mutations

You reflexively headbutt those who attack you in melee.
You have a pair of horns on your head.


Message History

The orc priest closely misses you.
You closely miss the orc priest. You headbutt the orc priest!
The orc priest is severely wounded.
The orc priest hits you but does no damage.
The orc hits you.
Unknown command.
The orc hits you but does no damage.
The orc priest invokes the aid of Beogh against you.
Beogh smites you!
The orc throws a tomahawk.
The tomahawk hits you but does no damage.
The orc priest mumbles some strange prayers to Beogh against you.
Beogh smites you!
* * * LOW HITPOINT WARNING * * *
Unknown command.
The orc throws a tomahawk.
The tomahawk barely misses you.
There is a stone staircase leading up here.
The orc priest mumbles some strange prayers to Beogh against you.
Beogh smites you!
You die...

.... .>## ##..## ##....## #
#......## ... #.......#...#
#............ ########
##..ooo......# <......#
#####@..g..%....##
.......#####.....#...........
.............###<............
.......####................##
.......#....#####..............#
.........#### #..............#
.......### #..............#
.......# ##.............#
###.#### #.... #.....#


You could see an orc priest, 2 orcs and a hobgoblin.

Vanquished Creatures
  An orc wizard (D:3)
  An adder skeleton (D:3)
  A worm (D:3)
  A dart slug (D:1)
  2 leopard geckos (D:2)
  7 orcs
  3 ball pythons
  3 bats
  2 giant cockroaches
  2 gnoll zombies (D:3)
  4 goblins
  8 hobgoblins
  2 jackals (D:1)
  2 quokkas (D:2)
  3 frilled lizards
  4 kobolds
  7 rats
53 creatures vanquished.

Notes
Turn   | Place    | Note
-------+----------+-------------------------------------------
     0 | D:1      | Morbidden the Minotaur Archaeologist began the quest for
                  | the Orb.
     0 | D:1      | Reached XP level 1. HP: 16/16 MP: 0/0
    77 | D:1      | Reached XP level 2. HP: 14/23 MP: 1/1
   286 | D:1      | Reached skill level 4 in Dodging
   525 | D:2      | Reached XP level 3. HP: 29/29 MP: 2/2
   617 | D:2      | Found a hazy altar of Hepliaklqana.
   759 | D:2      | Reached skill level 1 in Short Blades
   946 | D:2      | Found a blossoming altar of Fedhas.
   946 | D:2      | Found a bloodstained altar of Trog.
   990 | D:2      | HP: 1/29 [orc/+0 short sword (5)]
  1310 | D:3      | Reached XP level 4. HP: 37/37 MP: 3/3
  1540 | D:3      | Killed from afar by an orc priest

Skill      XL: |  1  2  3 |
---------------+----------+-----
Dodging        | 4 |  4.4
Stealth        | 3 |  3.0
Fighting       | 2 |  2.7
Short Blades   | 2 |  2.7
Maces & Flails | |  1.5

Action                   |  1- 3 |  4- 6 || total
-------------------------+-------+-------++-------
Melee: Whip              |    53 |       ||    53
       Headbutt          |    16 |    12 ||    28
       Dagger            |    53 |    49 ||   102
 Abil: Evoke Berserk Rag |     1 |       ||     1
  Use: Scroll            |     3 |     1 ||     4
 Stab: Sleeping          |     4 |       ||     4
  Eat: Chunk             |     1 |     2 ||     3
Armor: Robe              |    36 |     2 ||    38
       Chain mail        |       |    16 ||    16
Dodge: Dodged            |    61 |    24 ||    85
